 Dungeon Crawl Stone Soup version 0.25-a0-737-g26c3a87c45 (webtiles) character file.

Game seed: 16440468292488720728, levelgen mode: deterministic

1871 magipi the Thrower (level 9, -7/55 HPs)
             Began as a Tengu Hunter on Apr 11, 2020.
             Was a Believer of Ru.
             Hit by a boomerang thrown by an orc warrior (14 damage)
             ... on level 6 of the Dungeon.
             The game lasted 00:29:54 (8383 turns).

magipi the Thrower (Tengu Hunter)                   Turns: 8383, Time: 00:29:55

Health: -7/55      AC: 11    Str: 15    XL:     9   Next: 13%
Magic:  13/13      EV:  6    Int: 13    God:    Ru [**....]
Gold:   145        SH:  0    Dex: 11    Spells: 8/8 levels left

rFire    + . .     SeeInvis +   a - +3 dagger (elec)
rCold    + + .     Gourm    .   (no shield)
rNeg     . . .     Faith    .   l - +1 plate armour "Rionn" {rC++ Dex-3 SInv}
rPois    +         Spirit   .   (helmet restricted)
rElec    .         Reflect  .   (no cloak)
rCorr    .         Harm     .   (no gloves)
MR       .....                  (boots unavailable)
Stlth    ..........             (no amulet)
HPRegen  0.18/turn              p - ring of poison resistance
MPRegen  0.13/turn              f - ring of protection from fire

@: flying quickly and evasively, quick
A: beak, talons 3, inexperienced 1, able to fly
a: Stop Flying, Renounce Religion


You were on level 6 of the Dungeon.
You worshipped Ru.
Ru was pleased with you.
You were not hungry.

You visited 2 branches of the dungeon, and saw 8 of its levels.

You collected 289 gold pieces.
You spent 144 gold pieces at shops.

Inventory:

Hand Weapons
 a - a +3 dagger of electrocution (weapon)
   (You bought it in a shop on level 4 of the Dungeon)
 b - a +2 vorpal long sword
   (You took it off an orc on level 5 of the Dungeon)
Missiles
 m - a throwing net
 o - 12 poisoned darts (quivered)
 t - 6 javelins
 y - 2 boomerangs
Armour
 l - the +1 plate armour "Rionn" (worn) {rC++ Dex-3 SInv}
   (You found it on level 7 of the Dungeon)

   It affects your dexterity (-3).
   It greatly protects you from cold.
   It lets you see invisible.
Jewellery
 c - an uncursed ring of protection from cold
   (You took it off a goblin on level 1 of the Dungeon)
 f - a ring of protection from fire (right hand)
   (You found it on level 5 of the Dungeon)
 i - an uncursed ring of see invisible
   (You found it on level 3 of the Dungeon)
 n - an uncursed ring of positive energy
   (You found it on level 3 of the Dungeon)
 p - a ring of poison resistance (left hand)
   (You found it on level 6 of the Dungeon)
Wands
 d - a wand of digging (4)
   (You took it off Pikel on level 6 of the Dungeon)
 q - a wand of iceblast (14)
   (You found it on level 2 of the Dungeon)
 C - a wand of polymorph (18)
   (You found it on level 4 of the Dungeon)
Scrolls
 e - 3 scrolls of teleportation
 k - a scroll of magic mapping
 r - a scroll of enchant armour
 z - a scroll of remove curse
Potions
 g - a potion of lignification
 h - a potion of heal wounds
 j - a potion of resistance
 u - a potion of mutation {unknown}
 v - a potion of cancellation
 w - a potion of magic
 A - a potion of curing
 B - a potion of haste
Comestibles
 s - 4 chunks of flesh
 x - 12 rations


   Skills:
 + Level 5.6 Fighting
 + Level 4.9 Short Blades
 * Level 8.7 Throwing
 + Level 6.3 Dodging
 - Level 1.0 Stealth
 + Level 4.6 Evocations


You had 8 spell levels left.
You didn't know any spells.
Your spell library contained the following spells:

 Spells                   Type           Power        Failure   Level  Hunger
 Beastly Appendage        Tmut           #.....       100%        1    ##.....
 Sting                    Tmut/Pois      #...         100%        1    ##.....
 Poisonous Vapours        Pois/Air       #.....       100%        2    ###....
 Sticks to Snakes         Tmut           #.......     100%        2    ###....
 Ignite Poison            Fire/Tmut/Pois #.......     100%        3    ####...
 Mephitic Cloud           Conj/Pois/Air  #.......     100%        3    ####...
 Spider Form              Tmut/Pois      #.........   100%        3    ####...
 Ice Form                 Ice/Tmut       #.......     100%        4    #####..
 Olgreb's Toxic Radiance  Pois           #.......     100%        4    #####..
 Blade Hands              Tmut           #.........   100%        5    ######.


Dungeon Overview and Level Annotations

Branches:
Dungeon (7/15)             Temple (1/1) D:4

Altars:
Ashenzari
Cheibriados
Dithmenos
Elyvilon
Fedhas
Gozag
Hepliaklqana
Makhleb
Okawaru
Qazlal
Ru
Sif Muna
Trog
Uskayaw
Vehumet
Wu Jian
Xom
Yredelemnul
Zin
The Shining One

Shops:
D:4 (*

Annotations:
D:3 exclusion: door
D:7 Harold


Innate Abilities, Weirdness & Mutations

You have a beak for a mouth.
You have claws for feet.
You are somewhat inexperienced. (-2 XL)
You can fly continuously.


Message History

Your plate armour "Rionn" prevents you from hitting the orc.
Your kick misses the orc.
The orc is lightly wounded.
The orc hits you but does no damage.
Unknown command.
You hit the orc. You peck the orc.
You kill the orc!
The ball python bites you but does no damage.
The ball python constricts you.
You barely miss the ball python.
The ball python bites you but does no damage.
The ball python constricts you.
Unknown command.
You closely miss the ball python.
The ball python bites you but does no damage.
The ball python constricts you.
You escape the ball python's grasp.
The orc priest calls down the wrath of Beogh upon you.
Beogh smites you!
You hit the ball python.
You kill the ball python!
The orc priest miscasts a cantrip.
The orc warrior throws a boomerang.
The boomerang hits you but does no damage.
The weapon returns to the orc warrior!
Harold the Weathered comes into view.
He is wielding a +0 trident.
The orc warrior throws a boomerang.
The boomerang hits you.
The weapon returns to the orc warrior!
Harold shouts!
Harold throws a throwing net.
The throwing net closely misses you.
You see here a throwing net.
Harold throws a throwing net.
The throwing net completely misses you.
There is a stone staircase leading up here.
You see here a throwing net.
Unknown command.
Unknown command.
Harold throws a throwing net.
The throwing net hits you.
You become entangled in the net!
You stop ascending the stairs.
Unknown command.
You struggle against the net.
Harold says, "Do you have any idea what people are willing to pay to have you killed, magipi?"
The orc warrior throws a boomerang.
The boomerang hits you but does no damage.
The weapon returns to the orc warrior!
Unknown command.
You struggle against the net.
Unknown command.
You struggle against the net.
The orc warrior throws a boomerang.
The boomerang hits you but does no damage.
The weapon returns to the orc warrior!
Unknown command.
Unknown command.
You struggle against the net.
Harold considers, "I think I'll use your bounty to get a nice plot of land..."
Unknown command.
You rip the net and break free!
The orc warrior hits you but does no damage.
Unknown command.
Unknown command.
Unknown command.
Harold hits you from afar with a +0 trident!
The orc priest hits you but does no damage.
You fly upwards.
There is a stone staircase leading down here.
Unknown command.
You feel much better. The orc warrior barely misses you.
You redirect the orc priest's attack!
The orc priest hits you but does no damage.
Unknown command.
You barely miss the orc priest. You peck the orc priest.
The orc priest is moderately wounded.
The orc warrior hits you with a +0 long sword!!
You hit the orc priest. You peck the orc priest.
The orc priest is heavily wounded.
The orc priest hits you but does no damage.
The orc warrior barely misses you.
Your plate armour "Rionn" prevents you from hitting the orc priest.
Your kick misses the orc priest.
The orc priest is heavily wounded.
The orc priest hits you but does no damage.
Your plate armour "Rionn" prevents you from hitting the orc priest.
Your kick misses the orc priest.
The orc priest is heavily wounded.
The orc warrior barely misses you. The orc priest barely misses you.
Unknown command.
You closely miss the orc priest. You claw the orc priest!
The orc priest is almost dead.
You hit the orc priest.
Lightning courses through the orc priest!
You kill the orc priest!
The orc warrior hits you with a +0 long sword!
* * * LOW HITPOINT WARNING * * *
The orc warrior throws a boomerang.
The boomerang completely misses you.
The weapon returns to the orc warrior!
You see here a +0 dagger.
The orc warrior throws a boomerang.
The boomerang hits you!
* * * LOW HITPOINT WARNING * * *
The weapon returns to the orc warrior!
The orc warrior throws a boomerang.
The boomerang hits you!
You die...

##.#..#### #..#..#...
#.##...... #########
#.##..#.## #.....o.#
#.##..#.## #.#####)#
#.##.<...# ####.#####.#
#.....#...
###..........###########......
####...##.##....@.......#
##.....
.....####.##....#####.#.#
####.# ####.# #.......# #....#
##.# ####.# #####.### #.#..#
####... #....# #####.##
#....###...... .....##
#......# ##>#..........
......# #......# #.#......#...
#.....# #......# #.#..._......
#.....# #......#
##.#..........


You could see an orc warrior.

Vanquished Creatures
  Pikel (D:6)
  A hippogriff (D:6)
  Menkaure (D:6)
  Edmund (D:5)
  2 slaves
  2 phantoms
  4 ogres
  3 centaurs
  A bullfrog (D:7)
  3 scorpions
  A howler monkey (D:6)
  A centaur zombie (D:7)
  4 hounds
  2 orc priests
  A jelly (D:5)
  5 orc wizards
  An iguana (D:4)
  5 worker ants
  A hound skeleton (D:7)
  A howler monkey skeleton (D:6)
  3 gnolls
  3 adders
  A shadow imp (D:5)
  2 oozes
  An adder zombie (D:7)
  2 worms (D:2)
  3 dart slugs
  4 leopard geckos
  17 orcs
  2 ball pythons
  9 giant cockroaches
  5 goblins
  8 hobgoblins
  13 jackals
  6 kobolds
  6 quokkas
  10 bats
  5 frilled lizards
  A leopard gecko skeleton (D:2)
  6 rats
148 creatures vanquished.

Vanquished Creatures (others)
  A slave (D:6)
  An adder zombie (D:7)
  An orc (D:7)
3 creatures vanquished.

Grand Total: 151 creatures vanquished

Notes
Turn   | Place    | Note
-------+----------+-------------------------------------------
     0 | D:1      | magipi the Tengu Hunter began the quest for the Orb.
     0 | D:1      | Reached XP level 1. HP: 12/12 MP: 2/2
   158 | D:1      | Reached XP level 2. HP: 16/17 MP: 3/3
   722 | D:1      | Reached XP level 3. HP: 20/22 MP: 4/4
  2338 | D:2      | Reached XP level 4. HP: 27/27 MP: 5/5
  2479 | D:2      | Reached skill level 5 in Throwing
  2524 | D:2      | Found a stormy altar of Qazlal.
  2854 | D:3      | Found a hazy altar of Hepliaklqana.
  2865 | D:3      | Gained mutation: You can fly continuously. [Tengu growth]
  2865 | D:3      | Reached XP level 5. HP: 32/32 MP: 6/6
  2921 | D:3      | Found a shadowy altar of Dithmenos.
  2936 | D:3      | HP: 1/32 [hound (4)]
  3259 | D:3      | Found a shimmering blue altar of Sif Muna.
  3403 | D:4      | Noticed an ogre
  3414 | D:4      | Found Cietrut's Weapon Shop.
  3417 | D:4      | Killed an ogre
  3417 | D:4      | Reached skill level 1 in Evocations
  3417 | D:4      | Reached XP level 6. HP: 37/37 MP: 6/8
  3598 | D:4      | Found a staircase to the Ecumenical Temple.
  3607 | Temple   | Entered the Ecumenical Temple
  3777 | Temple   | Became a worshipper of Ru the Awakened
  3856 | D:4      | Reached skill level 1 in Short Blades
  3856 | D:4      | Reached skill level 6 in Throwing
  3867 | D:4      | Noticed a phantom
  3911 | D:4      | Found a sand-covered staircase.
  4018 | D:4      | Killed a phantom
  4018 | D:4      | Reached XP level 7. HP: 14/42 MP: 9/9
  4160 | D:4      | Found Kaben's Assorted Antiques.
  4980 | D:5      | Entered Level 5 of the Dungeon
  5038 | D:4      | Bought a +1 dagger of electrocution for 144 gold pieces
  5505 | D:5      | Reached XP level 8. HP: 24/48 MP: 9/11
  6012 | D:5      | Noticed Edmund
  6112 | D:5      | Reached skill level 7 in Throwing
  6272 | D:5      | Found an iron altar of Okawaru.
  6338 | D:5      | Gained mutation: You are somewhat inexperienced. (-2 XL)
                  | [Ru sacrifice]
  6338 | D:5      | Reached XP level 7. HP: 44/44 MP: 10/10
  6338 | D:5      | Reached XP level 6. HP: 39/39 MP: 9/9
  6338 | D:5      | Reached * piety under Ru
  6338 | D:5      | Reached ** piety under Ru
  6508 | D:5      | Killed Edmund
  6508 | D:5      | Reached skill level 5 in Dodging
  6607 | D:5      | Identified the +2 hand axe "Tuarchit" {venom, SInv}
  6883 | D:6      | Reached XP level 7. HP: 44/44 MP: 10/10
  6958 | D:6      | Found a glowing golden altar of the Shining One.
  7224 | D:6      | Noticed Menkaure
  7234 | D:6      | Killed Menkaure
  7234 | D:6      | Reached skill level 5 in Fighting
  7234 | D:6      | Reached XP level 8. HP: 29/49 MP: 11/11
  7680 | D:6      | Reached skill level 8 in Throwing
  7920 | D:7      | Got a crude plate armour
  7927 | D:7      | Identified the +1 plate armour "Rionn" {rC++ Dex-3 SInv}
                  | (You found it on level 7 of the Dungeon)
  7965 | D:7      | Noticed Pikel
  8090 | D:6      | Killed Pikel
  8229 | D:7      | Noticed a hippogriff
  8245 | D:7      | Reached XP level 9. HP: 47/54 MP: 13/13
  8361 | D:7      | Noticed Harold
  8383 | D:6      | Hit by a boomerang thrown by an orc warrior

Levels and vault maps discovered:
D:1:      matt_arrival_grand_opening, layout_basic, minmay_misc_feat_five,
          minmay_cut_off
D:2:      layout_rooms, nicolae_qazlal_general_emergency
D:3:      layout_rooms, led_sif_book, nicolae_dithmenos_through_a_glass_darkly,
          lemuel_crystal_altar, minmay_misc_feat_alley
D:4:      layout_rooms, minmay_temple_entry_statues_pillars, first_ration,
          nicolae_ossuary_entry_monument, serial_shops, shop, minivault_26,
          minmay_shop_grid_forest, hangedman_decor_points, serial_bayou_lagoon_a
D:5:      layout_basic, okawaru_ov_weapons_minmay, minmay_crossroads,
          uniq_edmund
D:6:      layout_loops_cross, basic_altar, uniq_menkaure
D:7:      layout_cave_pools, grunt_ogre_cave, uniq_harold, uniq_pikel
Temple:   regret_index_temple_generic_petals

Skill      XL: |  1  2  3  4  5  6  7  8 |
---------------+-------------------------+-----
Dodging        | 3 5 6 |  6.3
Throwing       | 5 6 8 |  8.7
Fighting       | 3 5 |  5.6
Evocations     | 1 2 4 |  4.6
Short Blades   | 3 2 4 |  4.9
Stealth        | |  1.0

Action                   |  1- 3 |  4- 6 |  7- 9 || total
-------------------------+-------+-------+-------++-------
Melee: Short sword       |    79 |    98 |    28 ||   205
       Kick              |    14 |    27 |    53 ||    94
       Peck              |     7 |    14 |    32 ||    53
       Dagger            |       |     8 |   181 ||   189
Throw: Javelin           |     3 |     4 |     7 ||    14
       Dart              |     8 |    69 |    38 ||   115
       Throwing net      |       |       |     2 ||     2
Invok: Sacrifice Experie |       |     1 |       ||     1
 Abil: Fly               |       |     1 |       ||     1
  Use: Potion            |     2 |     1 |     4 ||     7
       Scroll            |       |     5 |    13 ||    18
 Stab: Distracted        |     1 |       |       ||     1
       Sleeping          |     1 |       |       ||     1
  Eat: Chunk             |     4 |     6 |     9 ||    19
       Ration            |       |       |     1 ||     1
Armor: Leather armour    |    17 |     5 |       ||    22
       Ring mail         |       |     9 |    10 ||    19
       Scale mail        |       |       |     9 ||     9
       Skin              |       |       |     1 ||     1
       Plate armour      |       |       |    61 ||    61
Dodge: Dodged            |    58 |    87 |   103 ||   248

Table legend:
 A = Non-vault XP
 B = Vault XP
 C = Vault XP percentage of total XP
 D = Non-vault monster count
 E = Vault monster count
 F = Vault count percentage of total count
                 A         B        C        D         E       F
            +---------+---------+-------+---------+---------+-------
      Total |    2742 |    1005 |  26.8 |     140 |       6 |   4.1
            +---------+---------+-------+---------+---------+-------
        D:1 |      56 |       3 |   5.1 |      23 |       2 |   8.0
        D:2 |     105 |       0 |   0.0 |      24 |       0 |   0.0
        D:3 |     108 |       0 |   0.0 |      19 |       0 |   0.0
        D:4 |     631 |       0 |   0.0 |      18 |       0 |   0.0
        D:5 |     526 |     201 |  27.6 |      18 |       2 |  10.0
        D:6 |    1052 |     801 |  43.2 |      22 |       2 |   8.3
        D:7 |     230 |       0 |   0.0 |      14 |       0 |   0.0
     Temple |      34 |       0 |   0.0 |       2 |       0 |   0.0
            +---------+---------+-------+---------+---------+-------

Action                   |  1- 3 |  4- 6 |  7- 9 || total
-------------------------+-------+-------+-------++-------
Melee: Short sword       |    79 |    98 |    28 ||   205
       Kick              |    14 |    27 |    53 ||    94
       Peck              |     7 |    14 |    32 ||    53
       Dagger            |       |     8 |   181 ||   189
Throw: Javelin           |     3 |     4 |     7 ||    14
       Dart              |     8 |    69 |    38 ||   115
       Throwing net      |       |       |     2 ||     2
Invok: Sacrifice Experie |       |     1 |       ||     1
 Abil: Fly               |       |     1 |       ||     1
  Use: Potion            |     2 |     1 |     4 ||     7
       Scroll            |       |     5 |    13 ||    18
 Stab: Distracted        |     1 |       |       ||     1
       Sleeping          |     1 |       |       ||     1
  Eat: Chunk             |     4 |     6 |     9 ||    19
       Ration            |       |       |     1 ||     1
Armor: Leather armour    |    17 |     5 |       ||    22
       Ring mail         |       |     9 |    10 ||    19
       Scale mail        |       |       |     9 ||     9
       Skin              |       |       |     1 ||     1
       Plate armour      |       |       |    61 ||    61
Dodge: Dodged            |    58 |    87 |   103 ||   248
